 Dungeon Crawl Stone Soup version 0.29.1-12-g30fa7ad0bf (webtiles) character file.

Game seed: 12380341068134294835

87 GeoRichter the Stinger (level 4, -11/32 HPs)
             Began as a Demonspawn Wanderer on Dec 23, 2022.
             Killed from afar by a steam dragon (20 damage)
             ... with a ball of steam
             ... on level 4 of the Dungeon.
             The game lasted 00:03:58 (3280 turns).

GeoRichter the Stinger (Demonspawn Wanderer)        Turns: 3280, Time: 00:03:59

Health: -11/32     AC:  5    Str:  9    XL:     4   Next: 28%
Magic:  2/7        EV: 12    Int: 17    God:
Gold:   112        SH:  0    Dex: 20    Spells: 4/7 levels left

rFire   . . .      SeeInvis .   j - +1 hand axe (vorpal)
rCold   + . .      Faith    .   (no shield)
rNeg    . . .      Spirit   .   d - +0 robe
rPois   .          Reflect  .   f - +0 hat
rElec   .          Harm     .   s - +1 cloak
rCorr   .          Rampage  .   b - +0 pair of gloves
Will    .....                   (no boots)
Stlth   ++........              (no amulet)
HPRegen 0.10/turn               h - ring of protection from cold
MPRegen 0.10/turn               i - +6 ring of dexterity

@: hasted, very quick
A: foul stench 1
a: no special abilities


You were on level 4 of the Dungeon.
You visited 1 branch of the dungeon, and saw 4 of its levels.

You collected 112 gold pieces.

Inventory:

Hand Weapons
 j - a +1 vorpal hand axe (weapon)
   (You found it on level 1 of the Dungeon)
Armour
 b - a +0 pair of gloves (worn)
 d - a +0 robe (worn)
 f - a +0 hat (worn)
   (You found it on level 1 of the Dungeon)
 s - a +1 cloak (worn)
   (You found it on level 2 of the Dungeon)
Jewellery
 h - a ring of protection from cold (left hand)
   (You found it on level 1 of the Dungeon)
 i - a +6 ring of dexterity (right hand)
   (You found it on level 1 of the Dungeon)
Scrolls
 a - 2 scrolls of noise {unknown}
 e - 4 scrolls of identify {unknown}
 l - 2 scrolls of immolation {unknown}
 o - a scroll of vulnerability {unknown}
 p - a scroll of enchant weapon {unknown}
 r - 4 scrolls of teleportation {unknown}
 t - 2 scrolls of magic mapping {unknown}
 u - a scroll of fear {unknown}
 w - 2 scrolls of butterflies {unknown}
Potions
 g - 3 potions of lignification {unknown}
 k - 2 potions of curing {unknown}
 m - a potion of invisibility {unknown}
 n - 2 potions of flight {unknown}
 q - 2 potions of heal wounds {unknown}
 v - 2 potions of ambrosia {unknown}


   Skills:
 - Level 1.0 Fighting
 - Level 1.7 Short Blades
 - Level 1.0 Throwing
 - Level 1.7 Dodging
 + Level 2.1 Spellcasting
 * Level 1.4 Air Magic
 + Level 4.1 Poison Magic


You had 4 spell levels left.
You knew the following spells:

 Your Spells              Type           Power      Damage    Failure   Level
a - Sting                 Tmut/Pois      32%        1d4       9%          1
b - Poisonous Vapours     Pois/Air       22%        N/A       9%          2

Your spell library contained the following spells:

 Spells                   Type           Power      Damage    Failure   Level
 Shock                    Conj/Air       16%        1d4       14%         1
 Spider Form              Tmut/Pois      8%         N/A       24%         3
 Sublimation of Blood     Necr           1%         N/A       28%         2
 Swiftness                Air            6%         N/A       30%         3
 Airstrike                Air            3%         2d(1-17)  71%         4
 Petrify                  Tmut/Erth      1%         N/A       88%         4
 Irradiate                Conj/Tmut      0%         3d11      99%         5


Dungeon Overview and Level Annotations

Branches:
Dungeon (4/15) Zot: 20708
 Temple: D:4-7

Altars:


Innate Abilities, Weirdness & Mutations

You may rarely emit foul miasma when damaged in melee.


Message History

No target in view!
e - 4 scrolls labelled ETATEF AXOCKU (gained 1)
k - 2 bubbling white potions (gained 1)
You now have 112 gold pieces (gained 14).
There is a stone staircase leading up here.
You see here 8 stones.
There is a stone staircase leading up, spattered with blood here.
Things that are here:
a +0 dagger of venom; a goblin corpse
Found 2 scrolls labelled ORUZICW MICY and 3 stones.
Found a scroll labelled ZEONUS BOTOIPH.
Found an escape hatch in the ceiling.
w - 2 scrolls labelled ORUZICW MICY
a - 2 scrolls labelled ZEONUS BOTOIPH (gained 1) Done exploring.
Done exploring.
Done exploring.
Done exploring.
Done exploring.
There is a stone staircase leading down here.
You climb downwards.
Found 2 scrolls labelled ETATEF AXOCKU.
There is a stone staircase leading up here.
A steam dragon is nearby!
A steam dragon is nearby!
Aim: a steam dragon (asleep) Poisonous vapours surround the steam dragon!
The steam dragon is poisoned.
Aim: a steam dragon (lightly wounded, poisoned) Poisonous vapours surround the steam dragon!
The steam dragon looks even sicker.
The steam dragon breathes steam at you. The ball of steam misses you.
Aim: a steam dragon (steam, lightly wounded, very poisoned) Poisonous vapours surround the steam dragon!
The steam dragon looks even sicker.
You feel yourself speed up. The steam dragon breathes steam at you.
The ball of steam hits you!!
Ouch! That really hurt!
* * * LOW HITPOINT WARNING * * *
There is a stone staircase leading up here.
You hit the steam dragon but do no damage.
You are engulfed in a cloud of scalding steam.
* * * LOW HITPOINT WARNING * * *
You hit the steam dragon but do no damage.
The steam dragon breathes steam at you. The ball of steam hits you!!
Ouch! That really hurt!
You die...

### #.###
#D@.#
#.....####
##....
#.?.#.
#...##.
...# #.
..# ## .#


You could see a steam dragon (very poisoned, catching breath).

Vanquished Creatures
  4 adders
  A worm (D:2)
  3 dart slugs
  An orc (D:3)
  5 bats
  4 endoplasms (D:1)
  2 giant cockroaches (D:3)
  5 goblins
  A quokka (D:2)
  4 ball pythons
  6 frilled lizards
  5 kobolds
  2 rats (D:1)
43 creatures vanquished.

Notes
Turn   | Place    | Note
-------+----------+-------------------------------------------
     0 | D:1      | GeoRichter the Demonspawn Wanderer began the quest for the
                  | Orb.
     0 | D:1      | GeoRichter set off with the following items: a +0 short
                  | sword, a +0 pair of gloves, a potion of haste {@q3}, a +0
                  | robe; and the following spell memorised: Sting; and the
                  | following spells available to memorise: Poisonous Vapours,
                  | Spider Form.
     0 | D:1      | Reached XP level 1. HP: 15/15 MP: 2/2
   435 | D:1      | Gained mutation: You may rarely emit foul miasma when
                  | damaged in melee. [demonic ancestry]
   435 | D:1      | Reached XP level 2. HP: 21/21 MP: 1/3
   756 | D:1      | Learned a level 2 spell: Poisonous Vapours
  1064 | D:1      | Found a faded altar of an unknown god.
  1519 | D:2      | Reached XP level 3. HP: 26/26 MP: 5/5
  1966 | D:2      | Reached skill level 4 in Poison Magic
  2661 | D:3      | Reached skill level 1 in Air Magic
  2701 | D:3      | Reached XP level 4. HP: 32/32 MP: 1/7
  3037 | D:3      | Noticed an ice beast
  3267 | D:4      | Noticed a steam dragon
  3280 | D:4      | Killed from afar by a steam dragon

Illustrated notes

Levels and vault maps discovered:
D:1:      grunt_arrival_lava_bath, layout_loops_ring,
          shapermc_ecumenical_altar_mp_ritualfount, minmay_pentomino_x4
D:2:      minmay_wonky_spiral, layout_basic
D:3:      layout_rooms, chequers_serial_rivers_micro_b, supply_closet_lemuel
D:4:      layout_layer_cave

Skill      XL: |  1  2  3 |
---------------+----------+-----
Poison Magic   | 4 |  4.1
Air Magic      | 1 |  1.4
Spellcasting   | 2 |  2.1
Fighting       | |  1.0
Short Blades   | |  1.7
Throwing       | |  1.0
Dodging        | |  1.7

Action                   |  1- 3 |  4- 6 || total
-------------------------+-------+-------++-------
Melee: Short sword       |    16 |       ||    16
       Hand axe          |    19 |    23 ||    42
 Cast: Sting             |    45 |     3 ||    48
       Poisonous Vapours |     3 |     6 ||     9
  Use: Potion            |       |     1 ||     1
Armor: Robe              |    15 |     4 ||    19
Dodge: Dodged            |    24 |    17 ||    41
